 Dungeon Crawl Stone Soup version 0.30.1-4-g462c640d31 (webtiles) character file.

Game seed: 2808341290697473790

286 safid the Chiller (level 6, 0/47 HPs)
             Began as a Merfolk Ice Elementalist on Sept 6, 2023.
             Killed from afar by a dart slug (4 damage)
             ... with a slug dart
             ... on level 4 of the Dungeon.
             The game lasted 00:02:48 (2416 turns).

safid the Chiller (Merfolk Ice Elementalist)        Turns: 2416, Time: 00:02:49

Health: 0/47       AC:  3    Str:  9    XL:     6   Next: 30%
Magic:  3/11       EV: 12    Int: 16    God:
Gold:   85         SH:  0    Dex: 14    Spells: 5/12 levels left

rFire   . . .        i - +2 hand axe (distort)
rCold   . . .        (no shield)
rNeg    . . .        a - +0 robe
rPois   .            (no helmet)
rElec   .            (no cloak)
rCorr   .            (no gloves)
SInv    .            h - +0 pair of boots
Will    .....        (no amulet)
Stlth   ++           (no ring)
HPRegen 0.27/turn    (no ring)
MPRegen 0.12/turn

%: no passive effects
@: no status effects
A: (nimble swimmer 2), mertail
a: no special abilities


You were on level 4 of the Dungeon.
You visited 1 branch of the dungeon, and saw 4 of its levels.

You collected 113 gold pieces.
You spent 28 gold pieces at shops.

Inventory:

Hand Weapons
 i - a +2 hand axe of distortion (weapon)
Missiles
 n - a throwing net
Armour
 a - a +0 robe (worn)
 h - a +0 pair of boots (worn)
Jewellery
 w - a ring of willpower
Wands
 x - a wand of charming (1)
Scrolls
 c - 4 scrolls of teleportation {unknown}
 e - 7 scrolls of identify
 g - 3 scrolls of poison {unknown}
 m - a scroll of immolation {unknown}
 p - 2 scrolls of blinking {unknown}
 q - 2 scrolls of fog {unknown}
 r - a scroll of enchant weapon {unknown}
 s - a scroll of noise {unknown}
Potions
 b - 2 potions of magic
 d - a potion of ambrosia {unknown}
 f - a potion of berserk rage {unknown}
 j - a potion of flight {unknown}
 k - 3 potions of mutation {unknown}
 l - 2 potions of invisibility {unknown}
 o - a potion of lignification {unknown}
 t - a potion of curing {unknown}
 u - 2 potions of might {unknown}
 v - a potion of haste {unknown}


   Skills:
 + Level 3.6 Fighting
 - Level 2.6 Dodging
 - Level 2.1 Stealth
 + Level 3.7 Spellcasting
 + Level 5.8 Ice Magic


You had 5 spell levels left.
You knew the following spells:

 Your Spells              Type           Power      Damage    Failure   Level
a - Freeze                Ice            84%        1d9       1%          1
b - Frozen Ramparts       Ice            42%        1d7       4%          3
c - Ozocubu's Armour      Ice            21%        N/A       4%          3

Your spell library contained the following spells:

 Spells                   Type           Power      Damage    Failure   Level
 Summon Ice Beast         Ice/Summ       12%        N/A       45%         4
 Passage of Golubria      Tloc           3%         N/A       86%         4
 Silence                  Hex/Air        1%         N/A       99%         5
 Lehudib's Crystal Spear  Conj/Erth      1%         10d2      100%        8


Dungeon Overview and Level Annotations

Branches:
Dungeon (4/15)
 Temple: D:4-7

Altars:
Sif Muna

Shops:
D:1 *   D:2 ?


Innate Abilities, Weirdness & Mutations

((You are very nimble when in or above water. (Stealth+, EV+, Speed+++)))
Your lower body shifts to a powerful aquatic tail in water.


Message History

Beogh smites you!
* * * LOW HITPOINT WARNING * * *
The wall freezes the orc priest.
The orc priest hits you but does no damage.
Your Fighting skill increases to level 3!
You have reached level 6!
You are too injured to fight recklessly!
Unknown command.
Unknown command.
Unknown command.
You completely miss the orc priest.
The orc priest is moderately wounded.
The wall freezes the orc priest.
The orc priest calls down the wrath of Beogh upon you.
Pain shoots through your body!
* * * LOW HITPOINT WARNING * * *
Unknown command.
Unknown command.
You hit the orc priest but do no damage.
Space warps around the orc priest.
The orc priest is almost dead.
The wall freezes the orc priest.
You kill the orc priest!
Unknown command.
You start resting.
The frozen ramparts melt away.
A dart slug comes into view.
Your icy armour will break if you move.
Continue? [Y]es or [N]o only, please.
Your icy armour will break if you move.
Continue? [Y]es or [N]o only, please.
Your icy armour will break if you move.
Continue? [Y]es or [N]o only, please.
Your icy armour will break if you move.
Continue? [Y]es or [N]o only, please.
Your icy armour will break if you move.
Continue?
Your icy armour cracks and falls away as you move.
The dart slug launches a dart at you. The slug dart hits you.
You die...

.... ............#...#.#
....### .#..##...w....)....#
.....#. ...........).# .......
#..#.........# .......
#..#.......### ....
.......###..##...!...# .....
.........##.##......##......
##..##.....#.......[..........
#..# #.......@.......##.......
#..# #.....#...#.....##.......
#..#####...#...#...##.........
#.....#.................#....#
#.....<.....#......##).......#
##.##.......###....###...##.#
####......## ###...#...##
###....#### #......##
#.......####.....#


You could see a dart slug.

Vanquished Creatures
  An ogre (D:4)
  An orc priest (D:4)
  A sleepcap (D:4)
  A scorpion zombie (D:3)
  A hound skeleton (D:3)
  An adder (D:3)
  A howler monkey skeleton (D:3)
  An adder zombie (D:3)
  A worm (D:4)
  2 dart slugs
  4 orcs (D:3)
  5 bats
  5 endoplasms
  5 giant cockroaches
  7 goblins
  6 hobgoblins
  6 kobolds
  4 quokkas
  5 ball pythons
  A ball python zombie (D:3)
  5 frilled lizards
  2 rats
66 creatures vanquished.

Notes
Turn   | Place    | Note
-------+----------+-------------------------------------------
     0 | D:1      | safid the Merfolk Ice Elementalist began the quest for the
                  | Orb.
     0 | D:1      | Reached XP level 1. HP: 13/13 MP: 3/3
   228 | D:1      | Found Luschono's General Store.
   234 | D:1      | Reached XP level 2. HP: 20/20 MP: 5/5
   259 | D:1      | Reached skill level 1 in Fighting
   875 | D:2      | Found a faded altar of an unknown god.
   903 | D:2      | Reached XP level 3. HP: 24/26 MP: 6/6
   907 | D:2      | Learned a level 3 spell: Frozen Ramparts
  1174 | D:2      | Found Zaskaif's Magic Scroll Shop.
  1182 | D:2      | Bought a scroll of identify for 28 gold pieces
  1201 | D:2      | You fall into a shaft and drop 1 floor!
  1308 | D:3      | Reached skill level 5 in Ice Magic
  1313 | D:3      | Reached XP level 4. HP: 32/33 MP: 8/8
  1319 | D:3      | Learned a level 3 spell: Ozocubu's Armour
  1954 | D:3      | Found a shimmering blue altar of Sif Muna.
  2025 | D:3      | Reached XP level 5. HP: 39/39 MP: 9/9
  2386 | D:4      | Noticed an ogre
  2402 | D:4      | Killed an ogre
  2403 | D:4      | Reached XP level 6. HP: 13/47 MP: 1/11
  2403 | D:4      | HP: 1/47 [orc priest/nerve-wracking pain (13)]
  2416 | D:4      | Killed from afar by a dart slug

Illustrated notes

Levels and vault maps discovered:
D:1:      minmay_arrival_shoal_huts, layout_loops_ring, serial_shops, shop,
          dk_noncrumbling_4
D:2:      minmay_inner_zag, layout_basic, chequers_ecumenical_altar_simple,
          serial_shops, shop
D:3:      layout_rooms, old_standard_altar, serial_undead, serial_undead_a,
          serial_undead_a, serial_undead_b, serial_undead_a
D:4:      layout_cave_pools, amethyst_killhole, kennysheep_generic_room_16

Skill      XL: |  1  2  3  4  5 |
---------------+----------------+-----
Fighting       | 1 2 3 |  3.6
Ice Magic      | 5 |  5.8
Spellcasting   | 3 |  3.7
Dodging        | |  2.6
Stealth        | |  2.1

Action                     |  1- 3 |  4- 6 || total
---------------------------+-------+-------++-------
  Melee: Unarmed           |     4 |       ||     4
         Dagger            |    19 |       ||    19
         Hand axe          |    62 |    69 ||   131
   Cast: Freeze            |     9 |       ||     9
         Frozen Ramparts   |       |     2 ||     2
         Ozocubu's Armour  |       |     1 ||     1
   Stab: Sleeping          |     7 |     3 ||    10
 Armour: Robe              |    13 |    13 ||    26
  Dodge: Dodged            |    65 |    35 ||   100
